 Dungeon Sprint DCSS version 0.27.1-33-g824d729ab1 (webtiles) character file.

Game seed: 8057649503332443366

4713 Adenis the Imperceptible (level 10, -10/53 (56) HPs)
             Began as a Vampire Brigand on Dec 7, 2021.
             Was a Priest of Trog.
             Mangled by a chaos spawn (17 damage)
             ... summoned by a kobold demonologist
             ... in the Dungeon (Sprint I: "Red Sonja").
             The game lasted 00:03:51 (1181 turns).

Adenis the Imperceptible (Vampire Brigand)          Turns: 1181, Time: 00:03:52

HP:   -10/53 (56)   AC:  0    Str:  5 (6)  XL:     10   Next: 22%
MP:   7/7           EV: 17    Int:  8 (10) God:    Trog [***...]
Gold: 720           SH:  0    Dex: 14 (15) Spells: 9/9 levels left

rFire    . . .     SeeInvis +     - Unarmed
rCold    . . .     Faith    .   (shield currently unavailable)
rNeg     . . .     Spirit   .   (armour currently unavailable)
rPois    .         Reflect  .   (helmet currently unavailable)
rElec    .         Harm     .   (cloak currently unavailable)
rCorr    .         Rampage  .   (gloves currently unavailable)
Will     +....     Rnd*Rage +   (boots currently unavailable) Stlth +++++++++.NoTele +
                                (no amulet)
HPRegen  0.37/turn              (ring currently unavailable)
MPRegen  0.10/turn              (ring currently unavailable)

@: pig-form, unable to read, healing quickly, drained, very quick
A: fast, no casting, alive, small, (fangs 3), see invisible, vampiric 2,
(iridescent scales 1), berserk 3, clumsy 2, (deformed body), deterioration 2,
dopey 2, frail 3, low mp 3, screaming 2, weak 2, no potion heal 2, subdued magic
3, inability to read while threatened
a: Exsanguinate, Renounce Religion, Berserk, Trog's Hand


You were in the Dungeon.
You worshipped Trog.
Trog was most pleased with you.
You were a filthy swine.
You visited 1 branch You collected 720 gold pieces.

Inventory:

Hand Weapons
 a - a +2 dagger (melded)
Missiles
 d - 8 poisoned darts (quivered)
 e - 9 curare-tipped darts
Armour
 b - a +0 robe (melded)
 c - a +0 cloak (melded)
Jewellery
 g - a ring of poison resistance (melded)
Scrolls
 k - a scroll of blinking
Potions
 f - 3 potions of curing
 h - a potion of haste
 i - 2 potions of magic


   Skills:
 + Level 7.9 Fighting
 + Level 10.2 Short Blades
 + Level 4.9 Throwing
 + Level 6.8 Dodging
 + Level 25.4 Stealth
 + Level 4.4 Unarmed Combat


You had 9 spell levels left.
You didn't know any spells.
Your spell library was empty.

Dungeon Overview and Level Annotations

Branches:
Dungeon (1/1)

Altars:
Cheibriados
Dithmenos
Elyvilon
Fedhas
Gozag
Hepliaklqana
Kikubaaqudgha
Makhleb
Nemelex Xobeh
Okawaru
Qazlal
Ru
Sif Muna
Trog
Uskayaw
Vehumet
Wu Jian
Xom
Yredelemnul
Zin
The Shining One
Jiyva
Lugonu

Shops:
D !(((([


Innate Abilities, Weirdness & Mutations

You are a filthy swine.
You move quickly.
Your equipment is almost entirely melded.
You are incapable of wielding weapons or throwing items.
You cannot cast spells.
Your natural rate of healing is accelerated.
((You have razor-sharp teeth.))
You have supernaturally acute eyesight. (SInv)
You are afflicted with vampirism and can become a bat while bloodless.
((You are partially covered in iridescent scales. (AC +2)))
You have an uncontrollable temper.
You are very clumsy. (Dex -4)
((Armour fits poorly on your strangely shaped body.))
Your body often deteriorates upon taking damage.
You are very dopey. (Int -4)
You are extremely frail. (-30% HP)
Your magical capacity is extremely low. (-30% MP)
You frequently scream uncontrollably at your foes.
You are very weak. (Str -4)
Potions cannot restore your health.
Your spells are much easier to cast, but much less powerful.
You sometimes lose the ability to read scrolls when taking damage.


Message History

You avoid triggering an arrow trap.
There is an arrow trap here.
There is an open door, spattered with blood here.
There is an open door here.
Found a plate armour.
You see here a +0 spear.
Found a scroll labelled UBRODI EQUXEF.
A centaur warrior comes into view.
There is an ornate altar of the Wu Jian Council here.
The centaur warrior moves out of view.
There is an open door here.
You closely miss the kobold demonologist.
The kobold demonologist shouts!
You hit the kobold demonologist but do no damage.
The kobold demonologist zaps a wand.
You turn into a filthy swine.
Your +2 dagger melds into your body.
Your +0 cloak melds into your body.
Your +0 robe melds into your body.
Your ring of poison resistance melds into your body.
You closely miss the kobold demonologist.
You hit the kobold demonologist but do no damage.
The kobold demonologist gestures wildly while chanting.
You fail to use your ability.
The kobold demonologist gestures wildly while chanting.
The soul eater draws from the surrounding life force!
Your body deteriorates!
You feel dopey.
You fail to use your ability.
The kobold demonologist zaps a wand.
You easily resist.
The soul eater hits you!!
You feel threatened and lose the ability to read scrolls!
* * * LOW HITPOINT WARNING * * *
Your body deteriorates!
You feel weakened.
You feel drained.
* * * LOW HITPOINT WARNING * * *
The chaos spawn misses you.
Your ogre goes berserk!
You can no longer call in reinforcements.
The kobold demonologist hits you with a +0 dagger.
* * * LOW HITPOINT WARNING * * *
Your body deteriorates!
You feel clumsy. The chaos spawn hits you!
You die...

##########################
#<.#.)'..#.)'..#__#..'...#
#..'..#.)'..#..'^.'..#...#
#..#####'#####'#__####...+
#..####..#3.K#)####§.#####
#..#__####Oh##.#§§§.c
#..#_____##4#_.'≈§§§
#⌠⌠#_.∩...'...§#§§≈.c
####_..__##_.#'##§#
#_____###'#)# [.?
############.### ###
#∩........'...+
###''''####.).#
#.......####.###


You could see a soul eater (summoned, ally target), a kobold demonologist, a
chaos spawn (summoned) and a friendly ogre (summoned, berserk).

Vanquished Creatures
  Sonja (D)
  8 shining eyes (D)
  A slime creature (D)
  Sigmund (D)
  A yak (D)
  4 floating eyes (D)
  An ogre (D)
  A jelly (D)
  Ijyb (D)
  A ballistomycete spore (D)
20 creatures vanquished.

Vanquished Creatures (collateral kills)
  A kobold demonologist (D)
1 creature vanquished.

Vanquished Creatures (others)
  A gargoyle (D)
  A ballistomycete spore (D)
2 creatures vanquished.

Grand Total: 23 creatures vanquished

Notes
Turn   | Place    | Note
-------+----------+-------------------------------------------
     0 | D        | Adenis the Vampire Brigand began the quest for the Orb.
     0 | D        | Reached XP level 1. HP: 16/16 MP: 1/1
     1 | D        | Noticed Ijyb
    24 | D        | Killed Ijyb
    25 | D        | Reached skill level 9 in Stealth
    25 | D        | Reached XP level 2. HP: 4/23 MP: 2/2
   283 | D        | Noticed an ogre
   286 | D        | Killed an ogre
   287 | D        | Reached skill level 12 in Stealth
   287 | D        | Reached skill level 1 in Unarmed Combat
   287 | D        | Gained mutation: You are afflicted with vampirism and can
                  | become a bat while bloodless. [Vampire growth]
   287 | D        | Reached XP level 3. HP: 29/29 MP: 3/3
   287 | D        | Reached XP level 4. HP: 35/35 MP: 4/4
   297 | D        | Noticed Sigmund
   300 | D        | Killed Sigmund
   301 | D        | Reached skill level 15 in Stealth
   301 | D        | Reached XP level 5. HP: 42/42 MP: 5/5
   301 | D        | Reached XP level 6. HP: 48/48 MP: 6/6
   313 | D        | Found an ornate altar of the Wu Jian Council.
   313 | D        | Found a shimmering blue altar of Sif Muna.
   315 | D        | Found a radiant altar of Vehumet.
   332 | D        | Found Cibuomuj's Antique Weapon Emporium.
   332 | D        | Found an ancient bone altar of Kikubaaqudgha.
   332 | D        | Found a hazy altar of Hepliaklqana.
   332 | D        | Found a stormy altar of Qazlal.
   332 | D        | Found a hide-covered altar of Uskayaw.
   332 | D        | Found a blossoming altar of Fedhas.
   332 | D        | Found a bloodstained altar of Trog.
   332 | D        | Found an iron altar of Okawaru.
   332 | D        | Found a basalt altar of Yredelemnul.
   332 | D        | Found a snail-covered altar of Cheibriados.
   332 | D        | Found a sacrificial altar of Ru.
   332 | D        | Found a shadowy altar of Dithmenos.
   332 | D        | Noticed a yak
   333 | D        | Found an opulent altar of Gozag.
   334 | D        | Killed a yak
   335 | D        | Reached skill level 5 in Short Blades
   335 | D        | Reached skill level 17 in Stealth
   335 | D        | Found a sparkling altar of Nemelex Xobeh.
   340 | D        | Became a worshipper of Trog the Wrathful
   464 | D        | Killed a gargoyle
   546 | D        | Noticed Sonja
   550 | D        | Killed Sonja
   551 | D        | Reached skill level 5 in Fighting
   551 | D        | Reached skill level 20 in Stealth
   551 | D        | Reached XP level 7. HP: 56/56 MP: 7/7
   551 | D        | Reached XP level 8. HP: 63/63 MP: 8/8
   625 | D        | Found Vahon's Distillery.
   636 | D        | Noticed a shining eye
   636 | D        | Noticed a shining eye
   636 | D        | Noticed a shining eye
   636 | D        | Noticed a shining eye
   636 | D        | Noticed a shining eye
   636 | D        | Noticed a shining eye
   638 | D        | Reached * piety under Trog
   639 | D        | Reached skill level 5 in Dodging
   639 | D        | Noticed a shining eye
   639 | D        | Noticed a shining eye
   641 | D        | Paralysed by a floating eye for 3 turns
   643 | D        | Gained mutation: Your mind is acute. (Int +2) [a shining
                  | eye]
   646 | D        | Killed a shining eye
   647 | D        | Reached skill level 21 in Stealth
   649 | D        | Paralysed by a floating eye for 2 turns
   652 | D        | Reached ** piety under Trog
   652 | D        | Gained mutation: You sometimes lose the ability to read
                  | scrolls when taking damage. [a shining eye]
   653 | D        | Reached skill level 22 in Stealth
   658 | D        | Gained mutation: Armour fits poorly on your strangely
                  | shaped body. [a shining eye]
   659 | D        | Paralysed by a floating eye for 3 turns
   661 | D        | Gained mutation: Your body sometimes deteriorates upon
                  | taking damage. [a shining eye]
   662 | D        | Gained mutation: Your spells are a little easier to cast,
                  | but a little less powerful. [a shining eye]
   665 | D        | Gained mutation: Your spells are easier to cast, but less
                  | powerful. [a shining eye]
   665 | D        | Paralysed by a floating eye for 4 turns
   666 | D        | Gained mutation: You tend to lose your temper in combat. [a
                  | shining eye]
   667 | D        | Gained mutation: Your spells are much easier to cast, but
                  | much less powerful. [a shining eye]
   668 | D        | Lost mutation: Your mind is acute. (Int +2) [a shining eye]
   670 | D        | Gained mutation: You are partially covered in iridescent
                  | scales. (AC +2) [a shining eye]
   674 | D        | Gained mutation: Your body often deteriorates upon taking
                  | damage. [a shining eye]
   679 | D        | Paralysed by a floating eye for 4 turns
   681 | D        | Gained mutation: Your magical capacity is low. (-10% MP) [a
                  | shining eye]
   682 | D        | Gained mutation: Your magical capacity is very low. (-20%
                  | MP) [a shining eye]
   684 | D        | Gained mutation: You are dopey. (Int -2) [a shining eye]
   690 | D        | Gained mutation: Your magical capacity is extremely low.
                  | (-30% MP) [a shining eye]
   691 | D        | Gained mutation: You are frail. (-10% HP) [a shining eye]
   693 | D        | Gained mutation: You often lose your temper in combat. [a
                  | shining eye]
   695 | D        | Gained mutation: You are very frail. (-20% HP) [a shining
                  | eye]
   696 | D        | Gained mutation: You are clumsy. (Dex -2) [a shining eye]
   698 | D        | Killed a shining eye
   698 | D        | Gained mutation: You are very clumsy. (Dex -4) [a shining
                  | eye]
   699 | D        | Reached XP level 9. HP: 56/56 MP: 6/6
   704 | D        | Killed a shining eye
   704 | D        | Gained mutation: You are extremely frail. (-30% HP) [a
                  | shining eye]
   705 | D        | Reached skill level 23 in Stealth
   707 | D        | Gained mutation: You are very dopey. (Int -4) [a shining
                  | eye]
   711 | D        | Killed a shining eye
   711 | D        | Reached *** piety under Trog
   715 | D        | Killed a shining eye
   715 | D        | Gained mutation: You are weak. (Str -2) [a shining eye]
   716 | D        | Reached skill level 24 in Stealth
   719 | D        | Gained mutation: You are very weak. (Str -4) [a shining
                  | eye]
   719 | D        | Gained mutation: Potions are less effective at restoring
                  | your health. [a shining eye]
   719 | D        | Lost mutation: Armour fits poorly on your strangely shaped
                  | body. [a shining eye]
   727 | D        | Killed a shining eye
   728 | D        | Gained mutation: You occasionally shout uncontrollably at
                  | your foes. [a shining eye]
   739 | D        | Gained mutation: You frequently scream uncontrollably at
                  | your foes. [a shining eye]
   742 | D        | Killed a shining eye
   743 | D        | Reached skill level 25 in Stealth
   743 | D        | Reached XP level 10. HP: 55/55 MP: 7/7
   744 | D        | Gained mutation: Armour fits poorly on your strangely
                  | shaped body. [a shining eye]
   755 | D        | Gained mutation: You have an uncontrollable temper. [a
                  | shining eye]
   785 | D        | Gained mutation: Potions cannot restore your health. [a
                  | shining eye]
   786 | D        | Killed a shining eye
   786 | D        | Reached **** piety under Trog
   794 | D        | Found Yruddich's Antique Weapon Shoppe.
   794 | D        | Found Haihon's Antique Armour Boutique.
   794 | D        | Found Ecrafel's Weapon Emporium.
   795 | D        | Found Jagei's Weapon Shop.
   849 | D        | Found a burning altar of Makhleb.
   849 | D        | Found a viscous altar of Jiyva.
   849 | D        | Found a shimmering altar of Xom.
   849 | D        | Found a corrupted altar of Lugonu.
   853 | D        | Reached skill level 10 in Short Blades
   892 | D        | Paralysed by a floating eye for 4 turns
  1142 | D        | Noticed a centaur warrior
  1172 | D        | Noticed a centaur warrior
  1179 | D        | Noticed a soul eater
  1181 | D        | Mangled by a chaos spawn

Illustrated notes

Levels and vault maps discovered:
D:        dungeon_sprint_1 [red_sonja_temple_1, red_sonja_temple_small_1]

Skill      XL: |  1  2  3  4  5  6  7  8  9 10 |
---------------+-------------------------------+-----
Fighting       | 2 3 5 6 7 |  7.9
Throwing       | 2 3 4 |  4.9
Stealth        | 9 12 15 20 22 25 | 25.4
Short Blades   | 3 4 6 7 9 10 | 10.2
Dodging        | 2 3 4 5 6 |  6.8
Unarmed Combat | 1 2 3 4 |  4.4

Action                   |  1- 3 |  4- 6 |  7- 9 | 10-12 || total
-------------------------+-------+-------+-------+-------++-------
Melee: Unarmed           |    15 |       |       |     2 ||    17
       Dagger            |     7 |    11 |    87 |    58 ||   163
       Bite              |     2 |       |    12 |     8 ||    22
       Punch             |       |     1 |     2 |     1 ||     4
Invok: Brothers in Arms  |       |       |       |     2 ||     2
  Use: Potion            |       |     2 |       |       ||     2
 Stab: Sleeping          |     1 |     3 |     4 |     1 ||     9
Armor: Skin              |     2 |       |       |       ||     2
Dodge: Dodged            |     6 |     2 |       |     5 ||    13
